NCAA
CREIGHTON BLUE JAYS @ MISSOURI TIGERS
04/03/2026
 
TOP OF THE 1ST
Creighton Blue Jays batting - Pitching for Missouri Tigers : RHP Alan Crichton
Pitching: RHP Alan Crichton
Batting: RHB David Ward 0-0: Ground out 1-3 (Groundball, 13)
Batting: SHB Mario Trujillo 0-0: Ball
1-0: Ball
2-0: SINGLE (Groundball, 4M)
Batting: LHB Jonathon Terry 0-0: Ball
Mario Trujillo is caught stealing 2nd base
1-0: Swinging Strike
1-1: Ball
2-1: Called Strike
2-2: Foul Ball, location: 2F
2-2: Ball
3-2: Base on Balls
Batting: RHB Félix Escamilla 0-0: Ball
1-0: Called Strike
1-1: Swinging Strike
1-2: Strikes out swinging
Top of the 1st over - 0 run(s), 1 hit(s), 0 error(s), 1 left on base; Creighton 0 - Missouri 0
BOTTOM OF THE 1ST
Missouri Tigers batting - Pitching for Creighton Blue Jays : RHP Joe Brinkman
Pitching: RHP Joe Brinkman
Batting: LHB Ray Hampton 0-0: Called Strike
0-1: Fly out, F9 (Flyball, 9LM)
Batting: RHB Evan Jackson 0-0: Ball
1-0: Foul Ball, location: 2F
1-1: SINGLE (Groundball, 6MD)
Batting: RHB Troy González 0-0: Called Strike
0-1: Ball
1-1: Ball
2-1: Grounds into double play, 6-4-3 (Groundball, 6M)
Bottom of the 1st over - 0 run(s), 1 hit(s), 0 error(s), 0 left on base; Creighton 0 - Missouri 0
TOP OF THE 2ND
Creighton Blue Jays batting - Pitching for Missouri Tigers : RHP Alan Crichton
Batting: LHB Randy Ortíz 0-0: Ball
1-0: Foul Ball, location: 2F
1-1: Ball
2-1: Foul Ball, location: 2F
2-2: Strikes out swinging
Batting: RHB Pedro Echevarría 0-0: Ball
1-0: Ball
2-0: Called Strike
2-1: Swinging Strike
2-2: Strikes out looking
Batting: RHB Paul Rainford 0-0: Ball
1-0: Foul Ball, location: 2F
1-1: Called Strike
1-2: Ground out 5-3 (Groundball, 5L)
Top of the 2nd over - 0 run(s), 0 hit(s), 0 error(s), 0 left on base; Creighton 0 - Missouri 0
BOTTOM OF THE 2ND
Missouri Tigers batting - Pitching for Creighton Blue Jays : RHP Joe Brinkman
Batting: LHB Nick Hill 0-0: Called Strike
0-1: Fly out, F9 (Flyball, 89M)
Batting: RHB Sean White 0-0: Called Strike
0-1: Fly out, F8 (Flyball, 8LM)
Batting: LHB William Harris 0-0: Ball
1-0: Fly out, F3 (Popup, 3D)
Bottom of the 2nd over - 0 run(s), 0 hit(s), 0 error(s), 0 left on base; Creighton 0 - Missouri 0
TOP OF THE 3RD
Creighton Blue Jays batting - Pitching for Missouri Tigers : RHP Alan Crichton
Batting: RHB Matt Cole 0-0: Ball
1-0: Called Strike
1-1: Ground out 4-3 (Groundball, 4M)
Batting: RHB Jesús López 0-0: Ball
1-0: SINGLE (Groundball, 56)
Batting: RHB David Ward 0-0: Swinging Strike
0-1: Ball
1-1: Called Strike
1-2: Fly out, F8 (Flyball, 8RXD)
Batting: SHB Mario Trujillo 0-0: Ball
1-0: Called Strike
1-1: Ball
2-1: SINGLE (Groundball, 6MD)
Jesús López to second
Batting: LHB Jonathon Terry 0-0: Ball
1-0: Hit by Pitch
Jesús López to third
Mario Trujillo to second
Batting: RHB Félix Escamilla 0-0: Ball
1-0: SINGLE (Flyball, 56D)
Jesús López scores
Mario Trujillo to third
Jonathon Terry to second
Runner from 3rd tries for Home, SAFE, no throw or cutoff
Batting: LHB Randy Ortíz 0-0: SINGLE (Line Drive, 8LS)
Jonathon Terry to third
Félix Escamilla to second
Throwing error, E8
Jonathon Terry scores
Félix Escamilla to third
Randy Ortíz to second
Batting: RHB Pedro Echevarría 0-0: Called Strike
0-1: Foul Ball, location: 2F
0-2: Ball
1-2: Foul Ball, location: 2F
1-2: Strikes out looking
Top of the 3rd over - 3 run(s), 4 hit(s), 1 error(s), 2 left on base; Creighton 3 - Missouri 0
BOTTOM OF THE 3RD
Missouri Tigers batting - Pitching for Creighton Blue Jays : RHP Joe Brinkman
Batting: RHB Norman Dye 0-0: Ball
1-0: Called Strike
1-1: Ball
2-1: Ground out 5-3 (Groundball, 5)
Batting: SHB Luis Estrada 0-0: Called Strike
0-1: Ball
1-1: Ball
2-1: Ball
3-1: Base on Balls
Batting: RHB Francisco Alou 0-0: Ball
1-0: Foul Ball, location: 2F
1-1: SINGLE (Line Drive, 78S)
Luis Estrada to second
Batting: LHB Ray Hampton 0-0: Called Strike
0-1: Ball
1-1: Foul Ball, location: 2F
1-2: Ball
2-2: Hit by Pitch
Luis Estrada to third
Francisco Alou to second
Batting: RHB Evan Jackson 0-0: Ball
1-0: Ball
2-0: Ball
3-0: Base on Balls
Luis Estrada scores
Francisco Alou to third
Ray Hampton to second
Batting: RHB Troy González 0-0: Called Strike
0-1: Ball
1-1: Ball
2-1: SINGLE (Flyball, 7S)
Francisco Alou scores
Ray Hampton to third
Evan Jackson to second
Runner from 3rd tries for Home, SAFE, no throw or cutoff
Batting: LHB Nick Hill 0-0: Ball
1-0: Ball
2-0: Foul Ball, location: 2F
2-1: Ball
3-1: Foul Ball, location: 2F
3-2: Strikes out swinging
Batting: RHB Sean White 0-0: Ball
Wild Pitch!
Evan Jackson to third
Troy González to second
1-0: Ball
2-0: Ball
3-0: Called Strike
3-1: DOUBLE (Flyball, 78M)
Evan Jackson scores
Troy González scores
Batting: LHB William Harris 0-0: Fly out, F8 (Flyball, 8LD)
Bottom of the 3rd over - 5 run(s), 3 hit(s), 0 error(s), 1 left on base; Creighton 3 - Missouri 5
TOP OF THE 4TH
Creighton Blue Jays batting - Pitching for Missouri Tigers : RHP Alan Crichton
Batting: RHB Paul Rainford 0-0: Called Strike
0-1: SINGLE (Groundball, 25) (infield hit)
Batting: RHB Matt Cole 0-0: Called Strike
0-1: Fielders Choice at 2nd, 6-4 (Groundball, 6M)
Batting: RHB Jesús López 0-0: Ball
1-0: Ball
2-0: Ball
3-0: Called Strike
3-1: Grounds into double play, 5-4-3 (Groundball, 5)
Top of the 4th over - 0 run(s), 1 hit(s), 0 error(s), 0 left on base; Creighton 3 - Missouri 5
BOTTOM OF THE 4TH
Missouri Tigers batting - Pitching for Creighton Blue Jays : RHP Joe Brinkman
Batting: RHB Norman Dye 0-0: Ball
1-0: Called Strike
1-1: Ball
2-1: Ball
3-1: Foul Ball, location: 2F
3-2: Base on Balls
Batting: SHB Luis Estrada 0-0: Ball
1-0: Called Strike
1-1: Foul Ball, location: 2F
1-2: Ball
2-2: Fly out, F6 (Line Drive, 6)
Batting: RHB Francisco Alou 0-0: Ball
1-0: Called Strike
1-1: Fly out, F6 (Line Drive, 6)
Batting: LHB Ray Hampton 0-0: Ball
1-0: Called Strike
1-1: SINGLE (Groundball, 6MD)
Norman Dye to second
Batting: RHB Evan Jackson 0-0: Called Strike
0-1: Ball
1-1: Ball
2-1: DOUBLE (Line Drive, 7LM)
Norman Dye scores
Ray Hampton to third
Batting: RHB Troy González 0-0: Ball
Passed Ball!
Ray Hampton scores
Evan Jackson to third
1-0: Hit by Pitch
Batting: LHB Nick Hill 0-0: Ball
1-0: Ball
2-0: Ball
3-0: Called Strike
3-1: Base on Balls
Troy González to second
Batting: RHB Sean White 0-0: Ground out 5-3 (Groundball, 56)
Bottom of the 4th over - 2 run(s), 2 hit(s), 0 error(s), 3 left on base; Creighton 3 - Missouri 7
TOP OF THE 5TH
Creighton Blue Jays batting - Pitching for Missouri Tigers : RHP Alan Crichton
Batting: RHB David Ward 0-0: Foul Ball, location: 2F
0-1: SINGLE (Line Drive, 8LS)
Batting: SHB Mario Trujillo 0-0: Called Strike
0-1: Swinging Strike
0-2: Strikes out swinging
Batting: LHB Jonathon Terry 0-0: Ball
David Ward steals 2nd base
1-0: Called Strike
1-1: Ground out 1-3 (Groundball, 15S)
Batting: RHB Félix Escamilla 0-0: Called Strike
0-1: Foul Ball, location: 2F
0-2: Strikes out swinging
Top of the 5th over - 0 run(s), 1 hit(s), 0 error(s), 1 left on base; Creighton 3 - Missouri 7
BOTTOM OF THE 5TH
Missouri Tigers batting - Pitching for Creighton Blue Jays : RHP Joe Brinkman
Batting: LHB William Harris 0-0: Called Strike
0-1: DOUBLE (Flyball, 8LM)
Batting: RHB Norman Dye 0-0: Ball
1-0: Ball
2-0: Ball
3-0: Base on Balls
Batting: SHB Luis Estrada 0-0: Called Strike
0-1: Foul Ball, location: 2F
0-2: Ball
1-2: Ball
2-2: Foul Ball, location: 2F
2-2: DOUBLE (Groundball, 5L)
William Harris scores
Norman Dye to third
Batting: RHB Francisco Alou 0-0: Ball
1-0: Ball
2-0: Ground out 5-3 (Groundball, 15S)
Norman Dye scores
Luis Estrada to third
Batting: LHB Ray Hampton 0-0: Foul Ball, location: 2F
0-1: Ball
Wild Pitch!
Luis Estrada scores
1-1: Ball
2-1: Called Strike
2-2: DOUBLE (Line Drive, 9LD)
Pitching: RHP Salvador Castro
Batting: RHB Evan Jackson 0-0: Ground out 6-3 (Groundball, 6M)
Ray Hampton to third
Batting: RHB Troy González 0-0: Ball
1-0: Ball
Wild Pitch!
Ray Hampton scores
2-0: Ball
3-0: Called Strike
3-1: Foul Ball, location: 2F
3-2: Base on Balls
Batting: LHB Nick Hill 0-0: Ball
1-0: Ball
2-0: Foul Ball, location: 2F
2-1: Swinging Strike
2-2: Fielders Choice at 2nd, 6-4 (Groundball, 6MS)
Bottom of the 5th over - 4 run(s), 3 hit(s), 0 error(s), 0 left on base; Creighton 3 - Missouri 11
TOP OF THE 6TH
Creighton Blue Jays batting - Pitching for Missouri Tigers : RHP Alan Crichton
Batting: LHB Randy Ortíz 0-0: Ball
1-0: DOUBLE (Line Drive, 6D)
Batting: RHB Pedro Echevarría 0-0: Ball
1-0: Called Strike
1-1: Ball
2-1: Swinging Strike
2-2: Foul Ball, location: 2F
2-2: Foul Ball, location: 2F
2-2: Strikes out swinging
Pitching: RHP Paul Elliott
Batting: RHB Paul Rainford 0-0: Ball
1-0: Ball
2-0: Ball
3-0: Base on Balls
Batting: RHB Matt Cole 0-0: Ball
1-0: Swinging Strike
1-1: Fly out, F9 (Flyball, 9S)
Batting: RHB Jesús López 0-0: Ball
1-0: Ball
2-0: Called Strike
2-1: Ground out 6-3 (Groundball, 6)
Top of the 6th over - 0 run(s), 1 hit(s), 0 error(s), 2 left on base; Creighton 3 - Missouri 11
BOTTOM OF THE 6TH
Missouri Tigers batting - Pitching for Creighton Blue Jays : RHP Salvador Castro
Batting: RHB Sean White 0-0: Called Strike
0-1: Ball
1-1: Swinging Strike
1-2: SINGLE (Line Drive, 4M)
Batting: LHB William Harris 0-0: Swinging Strike
0-1: Foul Ball, location: 2F
0-2: Ball
1-2: Strikes out swinging
Batting: RHB Norman Dye 0-0: Ball
1-0: Foul Ball, location: 2F
1-1: Swinging Strike
1-2: Grounds into double play, 4-6-3 (Groundball, 4)
Bottom of the 6th over - 0 run(s), 1 hit(s), 0 error(s), 0 left on base; Creighton 3 - Missouri 11
TOP OF THE 7TH
Creighton Blue Jays batting - Pitching for Missouri Tigers : RHP Paul Elliott
Batting: RHB David Ward 0-0: Ball
1-0: Called Strike
1-1: Foul Ball, location: 2F
1-2: Fly out, F3 (Popup, 3SF)
Batting: SHB Mario Trujillo 0-0: Ball
1-0: Called Strike
1-1: Ball
2-1: Fly out, F7 (Flyball, 7LMF)
Batting: LHB Jonathon Terry 0-0: Ball
1-0: Called Strike
1-1: Foul Ball, location: 2F
1-2: Ball
2-2: Strikes out swinging
Top of the 7th over - 0 run(s), 0 hit(s), 0 error(s), 0 left on base; Creighton 3 - Missouri 11
BOTTOM OF THE 7TH
Missouri Tigers batting - Pitching for Creighton Blue Jays : RHP Salvador Castro
Batting: SHB Luis Estrada 0-0: Swinging Strike
0-1: Ball
1-1: Foul Ball, location: 2F
1-2: Fly out, F1 (Line Drive, 13)
Batting: RHB Francisco Alou 0-0: Ball
1-0: Ball
2-0: Fly out, F8 (Flyball, 89M)
Batting: LHB Ray Hampton 0-0: Foul Ball, location: 2F
0-1: Swinging Strike
0-2: Ball
1-2: Strikes out swinging
Bottom of the 7th over - 0 run(s), 0 hit(s), 0 error(s), 0 left on base; Creighton 3 - Missouri 11
TOP OF THE 8TH
Creighton Blue Jays batting - Pitching for Missouri Tigers : RHP Paul Elliott
Batting: RHB Félix Escamilla 0-0: Foul Ball, location: 2F
0-1: Called Strike
0-2: Strikes out looking
Pitching: RHP Johnny Jones
Batting: LHB Randy Ortíz 0-0: Swinging Strike
0-1: Ball
1-1: Ball
2-1: Foul Ball, location: 2F
2-2: Foul Ball, location: 2F
2-2: Ball
3-2: Base on Balls
Batting: RHB Pedro Echevarría 0-0: Swinging Strike
0-1: Ball
1-1: Foul Ball, location: 2F
1-2: Fly out, F4 (Line Drive, 4)
Batting: RHB Paul Rainford 0-0: Fly out, F9 (Flyball, 9LS)
Top of the 8th over - 0 run(s), 0 hit(s), 0 error(s), 1 left on base; Creighton 3 - Missouri 11
BOTTOM OF THE 8TH
Missouri Tigers batting - Pitching for Creighton Blue Jays : RHP Salvador Castro
Batting: RHB Evan Jackson 0-0: Ground out 4-3 (Groundball, 4)
Batting: RHB Troy González 0-0: Ball
1-0: Foul Ball, location: 2F
1-1: Ball
2-1: Foul Ball, location: 2F
2-2: Ball
3-2: Base on Balls
Batting: LHB Nick Hill 0-0: Called Strike
0-1: Ball
1-1: Swinging Strike
1-2: Foul Ball, location: 2F
1-2: SINGLE (Groundball, 56D)
Troy González to second
Batting: RHB Sean White 0-0: Foul Ball, location: 2F
0-1: Ball
1-1: Grounds into double play, 5-4-3 (Groundball, 56)
Bottom of the 8th over - 0 run(s), 1 hit(s), 0 error(s), 1 left on base; Creighton 3 - Missouri 11
TOP OF THE 9TH
Creighton Blue Jays batting - Pitching for Missouri Tigers : RHP Johnny Jones
Batting: RHB Matt Cole 0-0: Foul Ball, location: 2F
0-1: Foul Ball, location: 2F
0-2: Foul Ball, location: 2F
0-2: Foul Ball, location: 2F
0-2: SINGLE (Groundball, 4MD)
Batting: RHB Jesús López 0-0: Called Strike
0-1: Ball
1-1: Ball
2-1: Ball
3-1: Foul Ball, location: 2F
3-2: Foul Ball, location: 2F
3-2: Strikes out swinging
Batting: RHB David Ward 0-0: Fly out, F8 (Flyball, 8LM)
Batting: SHB Mario Trujillo 0-0: Fly out, F4 (Popup, 4MS)
Top of the 9th over - 0 run(s), 1 hit(s), 0 error(s), 1 left on base; Creighton 3 - Missouri 11
Monday, December 5th, 2016 - OOTP Baseball 17.12 Build 75